 Dungeon Crawl Stone Soup version 0.26.1-11-gd32895ea62 (webtiles) character file.

Game seed: 239637844713764769

39 Almogavar the Slasher (level 3, -1/27 HPs)
             Began as a Demonspawn Gladiator on Apr 18, 2021.
             Slain by a phantom (8 damage)
             ... on level 2 of the Dungeon.
             The game lasted 00:02:49 (1784 turns).

Almogavar the Slasher (Demonspawn Gladiator)        Turns: 1784, Time: 00:02:50

Health: -1/27      AC:  4    Str: 15    XL:     3   Next: 28%
Magic:  3/3        EV: 13    Int:  9    God:
Gold:   119        SH:  0    Dex: 14    Spells: 2/2 levels left

rFire    . . .     SeeInvis .   a - +1 long sword
rCold    . . .     Faith    .   (no shield)
rNeg     . . .     Spirit   .   b - +0 leather armour
rPois    .         Reflect  .   c - +0 helmet
rElec    .         Harm     .   (no cloak)
rCorr    .         Rampage  .   (no gloves)
Will     +....                  (no boots)
Stlth    +.........             (no amulet)
HPRegen  0.09/turn              k - ring of willpower
MPRegen  0.08/turn              (no ring)

@: no status effects
A: foul stench 1, miasma immunity
a: no special abilities


You were on level 2 of the Dungeon.
You visited 1 branch of the dungeon, and saw 2 of its levels.

You collected 119 gold pieces.

Inventory:

Hand Weapons
 a - a +1 long sword (weapon)
Missiles
 d - 3 throwing nets (quivered)
 e - 8 javelins
Armour
 b - a +0 leather armour (worn)
 c - a +0 helmet (worn)
Jewellery
 k - a ring of willpower (left hand)
Scrolls
 f - a scroll of remove curse {unknown}
 g - 2 scrolls of blinking {unknown}
 h - a scroll of enchant weapon
 i - 2 scrolls of identify {unknown}
 j - a scroll of magic mapping {unknown}
Potions
 l - 2 potions of mutation {unknown}
 m - a potion of brilliance {unknown}


   Skills:
 + Level 2.1 Fighting
 + Level 3.3 Long Blades
 + Level 1.8 Throwing
 + Level 0.8 Armour
 + Level 3.1 Dodging


You had 2 spell levels left.
You didn't know any spells.
Your spell library was empty.

Dungeon Overview and Level Annotations

Branches:
Dungeon (2/15)

Altars:
Qazlal


Innate Abilities, Weirdness & Mutations

You may emit foul miasma when damaged in melee.
You are immune to miasma.


Message History

The phantom closely misses you.
You completely miss the phantom.
The phantom is heavily damaged.
The phantom closely misses you.
You closely miss the phantom.
The phantom is heavily damaged.
The phantom hits you.
* * * LOW HITPOINT WARNING * * *
You slash the phantom!
The phantom is severely damaged.
The phantom barely misses you.
You closely miss the phantom.
The phantom is severely damaged.
The phantom blinks!
The phantom blinks!
You see here 11 gold pieces.
You hit the phantom.
The phantom is severely damaged.
The phantom hits you!
You die...

#.#######.#.#
#.........#.#
###########.#
#.......#
#.####### #.#....#
#.#....# #.#W.ยง.+
#.#@...# #.#.####
#.#.# #.#.#
#.#.##########
#.#..........#
#.##########.# .#
#.##.# #.# #####
.#
#####.##.#######.#
#....


You could see a phantom.

Vanquished Creatures
  An ooze (D:2)
  2 dart slugs
  2 bats (D:1)
  A giant cockroach (D:1)
  3 goblins (D:1)
  4 hobgoblins (D:1)
  4 jackals (D:1)
  10 kobolds
  3 rats
30 creatures vanquished.

Vanquished Creatures (others)
  A goblin (D:1)
1 creature vanquished.

Grand Total: 31 creatures vanquished

Notes
Turn   | Place    | Note
-------+----------+-------------------------------------------
     0 | D:1      | Almogavar the Demonspawn Gladiator began the quest for the
                  | Orb.
     0 | D:1      | Reached XP level 1. HP: 16/16 MP: 1/1
   390 | D:1      | Gained mutation: You are immune to miasma. [demonic
                  | ancestry]
   390 | D:1      | Reached XP level 2. HP: 22/22 MP: 2/2
   829 | D:1      | Gained mutation: You may emit foul miasma when damaged in
                  | melee. [demonic ancestry]
   829 | D:1      | Reached XP level 3. HP: 21/27 MP: 3/3
  1326 | D:2      | Found a stormy altar of Qazlal.
  1768 | D:2      | Noticed a phantom
  1784 | D:2      | Slain by a phantom

Illustrated notes

Levels and vault maps discovered:
D:1:      moated_graveyard_arrival, layout_basic, nrook_loot_triangle,
          kennysheep_small_spiral
D:2:      layout_basic, old_standard_altar, minmay_increasing_density

Skill      XL: |  1  2 |
---------------+-------+-----
Long Blades    | 3 |  3.3
Dodging        | 3 |  3.1
Fighting       | |  2.1
Throwing       | |  1.8
Armour         | |  0.8

Action                   || total
-------------------------++-------
Melee: Long sword        ||    90
  Use: Scroll            ||     1
Armor: Leather armour    ||    21
Dodge: Dodged            ||    81
       Rpst.: Long sword ||    19
